Providence Bruins vs London Knights
Created - Thursday, April 20, 2023 at 07:17
Goals
|
| Providence Bruins |
2 |
3 |
0 |
0 |
5 |
| London Knights |
0 |
4 |
1 |
1 |
6 |
|
Shots
|
| Providence Bruins |
6 |
17 |
7 |
0 |
30 |
| London Knights |
5 |
18 |
3 |
2 |
28 |
|
1st period
1. Providence Bruins , Austin Wagner 5 (Jordy Bellerive 4, Nick Perbix 8) at 9:43
2. Providence Bruins , Jack Studnicka 13 (John-Jason Peterka 23) at 10:12 (PP)
Penalties :
Jan Jenik (LKN) for Hooking (Minor) at 9:52, Jan Jenik (LKN) for Fighting (Major) at 10:42, Samuel Bolduc (PRB) for Fighting (Major) at 10:42, Nikolai Knyzhov (PRB) for Hooking (Minor) at 13:15
2nd period
3. Providence Bruins , Brandon Coe 4 (Jordy Bellerive 5, Jordan Spence 17) at 2:19
4. Providence Bruins , Logan Hutsko 4 (Jacob Moverare 8, Michal Teply 14) at 3:51 (PP)
5. Providence Bruins , Michal Teply 3 (Logan Hutsko 14, Jordan Spence 18) at 5:24 (PP)
6. London Knights , Curtis Douglas 10 (Jan Jenik 13, Cameron Hughes 6) at 9:09
7. London Knights , Tyce Thompson 14 (Rasmus Kupari 16, Jonathan Dahlen 18) at 10:48 (PP)
8. London Knights , Tyce Thompson 15 (Jonathan Dahlen 19, Rasmus Kupari 17) at 12:48 (PP)
9. London Knights , Tyce Thompson 16 (Rasmus Kupari 18, Jonathan Dahlen 20) at 17:46
Penalties :
Ethan Bear (LKN) for Fighting (Major) at 2:53, Cole Schwindt (PRB) for Fighting (Major) at 2:53, Troy Stecher (LKN) for Hooking (Minor) at 3:06, Troy Stecher (LKN) for Roughing (Double Minor) at 4:14, Jack Studnicka (PRB) for Holding (Minor) at 10:45, John-Jason Peterka (PRB) for Cross-checking (Minor) at 12:42
3rd period
10. London Knights , Curtis Douglas 11 (Ethan Bear 18) at 0:27
Penalties :
Cole Koepke (LKN) for Slashing (Minor) at 5:43, Jacob Moverare (PRB) for High sticking (Minor) at 6:32, Sami Niku (LKN) for Fighting (Major) at 8:44, Austin Wagner (PRB) for Fighting (Major) at 8:44, Tyce Thompson (LKN) for Cross-checking (Minor) at 9:54, Tyce Thompson (LKN) for Roughing (Minor) at 13:59, Austin Wagner (PRB) for Roughing (Minor) at 17:57
Overtime #1
11. London Knights , Jan Jenik 7 (Christian Wolanin 2) at 1:23
Penalties :
No Penalty
Goalie Stats
Zachary Emond (PRB), 22 saves from 28 shots - (0.786), OTL, 1-9-2, 61:23 minutes
Michael Hutchinson (LKN), 25 saves from 30 shots - (0.833), W, 4-9-2, 61:23 minutes
Players Stats for Providence Bruins
Player Name G A P +/- PIM S H SB GA TA FO MP PP MP PK MP
------------------------------------------------------------------------------------
Austin Wagner 1 0 1 2 7 1 2 0 0 0 1/1 14:51 2:06 0:00
Brandon Coe 1 0 1 2 0 1 2 0 0 0 0/0 14:13 0:51 0:00
Cole Schwindt 0 0 0 -1 5 3 1 0 0 0 1/1 17:48 2:16 0:48
Helge Grans 0 0 0 -1 0 0 0 0 0 0 0/0 5:09 0:00 0:00
Jack Studnicka 1 0 1 -3 2 5 0 0 0 0 1/1 23:45 4:28 1:28
Jacob Moverare 0 1 1 -1 2 2 1 2 0 1 0/0 19:47 3:27 1:42
Jared McIsaac 0 0 0 -1 0 0 0 0 0 0 0/0 11:02 0:00 1:07
Joe Veleno 0 0 0 -2 0 4 1 0 2 0 17/42 25:30 4:31 2:19
John-Jason Peterka 0 1 1 -2 2 3 0 2 1 1 0/0 25:09 4:25 2:01
Jordan Spence 0 2 2 -1 0 2 2 3 0 2 0/0 26:37 5:33 2:25
Jordy Bellerive 0 2 2 2 0 1 1 0 0 0 3/6 15:28 0:19 1:42
Logan Hutsko 1 1 2 0 0 2 2 0 1 0 8/10 17:57 4:11 0:00
Marc Del Gaizo 0 0 0 -1 0 0 1 0 0 0 0/0 5:37 0:00 0:16
Mason Millman 0 0 0 0 0 0 0 0 0 0 0/0 2:26 0:00 0:49
Michal Teply 1 1 2 0 0 5 2 0 0 0 0/0 19:27 3:56 1:34
Nick Perbix 0 1 1 0 0 0 5 4 0 0 0/0 19:31 3:28 2:15
Nikolai Knyzhov 0 0 0 -1 2 1 2 3 1 2 0/0 25:15 5:33 1:18
Samuel Bolduc 0 0 0 -1 5 0 0 0 0 1 0/0 9:46 0:00 0:00
Players Stats for London Knights
Player Name G A P +/- PIM S H SB GA TA FO MP PP MP PK MP
------------------------------------------------------------------------------------
Cameron Hughes 0 1 1 1 0 3 2 0 0 1 2/3 18:28 2:00 2:27
Christian Wolanin 0 1 1 2 0 2 1 2 0 0 0/0 19:44 2:07 3:49
Cole Koepke 0 0 0 -1 2 1 2 0 0 0 0/0 5:41 0:02 0:00
Connor Bunnaman 0 0 0 2 0 1 0 1 2 1 0/0 9:36 0:00 0:00
Curtis Douglas 2 0 2 2 0 3 1 0 0 0 1/1 10:38 0:32 0:00
Dominik Bokk 0 0 0 2 0 0 1 1 0 0 1/1 12:10 0:18 1:45
Ethan Bear 0 1 1 1 5 2 1 2 2 2 0/0 26:35 2:49 2:44
Jan Jenik 1 1 2 1 7 3 3 4 0 0 2/6 17:06 1:22 2:51
Jonathan Dahlen 0 3 3 -1 0 2 0 0 0 0 8/13 28:24 2:23 4:50
Jordan Oesterle 0 0 0 2 0 1 2 2 0 0 0/0 21:12 2:07 4:59
Marco Rossi 0 0 0 -1 0 1 2 0 0 0 0/1 7:55 0:10 1:33
Nick Swaney 0 0 0 0 0 0 2 3 0 0 0/1 14:53 1:58 0:00
Rasmus Kupari 0 3 3 0 0 3 2 0 1 0 15/32 24:18 2:32 4:36
Sami Niku 0 0 0 -1 5 0 1 0 0 0 0/0 14:06 0:09 1:18
Simon Lundmark 0 0 0 -1 0 0 0 0 0 0 0/0 14:00 0:00 2:28
Simon Ryfors 0 0 0 0 0 0 0 0 0 0 0/1 4:19 0:51 0:00
Troy Stecher 0 0 0 1 6 1 1 2 0 1 0/0 27:32 2:49 2:44
Tyce Thompson 3 0 3 0 4 5 2 1 2 0 1/2 18:35 2:31 0:00
3 Stars
1 - Curtis Douglas (LKN)
2 - Tyce Thompson (LKN)
3 - Rasmus Kupari (LKN)
Power Play
Providence Bruins - 3 on 7 Attempt(s) - 42.86%
London Knights - 2 on 5 Attempt(s) - 40.00%
Penalty Kill
Providence Bruins - 3 on 5 Attempt(s) - 60.00%
- Score 0 goal in Penalty Kill
London Knights - 4 on 7 Attempt(s) - 57.14%
- Score 0 goal in Penalty Kill
Team Stat
Providence Bruins - Hits : 22 - Faceoff Wins : 31 - Blocked Shots : 14 - Penalty Minutes : 25
London Knights - Hits : 23 - Faceoff Wins : 30 - Blocked Shots : 18 - Penalty Minutes : 29
Official
Referees : Kendrick Nicholson and Dan O'Halloran
Linesman : Derek Amell and Scott Cherrey
Game Notes
Samuel Bolduc beats up Jan Jenik at 10:42 of 1st period
Ethan Bear and Cole Schwindt fight to a draw at 2:53 of 2nd period
Tyce Thompson has scored a Hat Trick!
Austin Wagner beats up Sami Niku at 8:44 of 3rd period
Providence Bruins
5 vs 5 Forward
Center Left Wing Right Wing Time % Phy DF OF
1 Joe Veleno John-Jason Peterka Jack Studnicka 40 1 2 2
2 Logan Hutsko Michal Teply Cole Schwindt 30 1 2 2
3 Jordy Bellerive Austin Wagner Brandon Coe 20 1 2 2
4 Joe Veleno John-Jason Peterka Jack Studnicka 10 1 2 2
5 vs 5 Defense
Defense Defense Time % Phy DF OF
1 Jordan Spence Nikolai Knyzhov 40 1 2 2
2 Jacob Moverare Nick Perbix 30 1 2 2
3 Samuel Bolduc Jared McIsaac 20 1 2 2
4 Helge Grans Marc Del Gaizo 10 1 2 2
PowerPlay Forward
Center Left Wing Right Wing Time % Phy DF OF
1 Joe Veleno John-Jason Peterka Jack Studnicka 60 1 2 2
2 Logan Hutsko Michal Teply Cole Schwindt 40 1 2 2
PowerPlay Defense
Defense Defense Time % Phy DF OF
1 Jordan Spence Nikolai Knyzhov 60 1 2 2
2 Jacob Moverare Nick Perbix 40 1 2 2
Penalty Kill 4 Players Forward
Center Wing Time % Phy DF OF
1 Joe Veleno John-Jason Peterka 60 1 2 2
2 Jack Studnicka Cole Schwindt 40 1 2 2
Penalty Kill 4 Players Defense
Defense Defense Time % Phy DF OF
1 Jordan Spence Nikolai Knyzhov 60 1 2 2
2 Jacob Moverare Nick Perbix 40 1 2 2
Penalty Kill - 3 Players Forward
Forward Time % Phy DF OF
1 Joe Veleno 60 1 2 2
2 John-Jason Peterka 40 1 2 2
Penalty Kill - 3 Players Defense
Defense Defense Time % Phy DF OF
1 Jordan Spence Nikolai Knyzhov 60 1 2 2
2 Jacob Moverare Nick Perbix 40 1 2 2
4 vs 4 Forward
Center Wing Time % Phy DF OF
1 Joe Veleno John-Jason Peterka 60 1 2 2
2 Jack Studnicka Cole Schwindt 40 1 2 2
4 vs 4 Defense
Defense Defense Time % Phy DF OF
1 Jordan Spence Nikolai Knyzhov 60 1 2 2
2 Jacob Moverare Nick Perbix 40 1 2 2
Last Minutes Offensive
Center Left Wing Right Wing Defense Defense
Joe Veleno John-Jason Peterka Jack Studnicka Jordan Spence Nikolai Knyzhov
Last Minutes Defensive
Center Left Wing Right Wing Defense Defense
Joe Veleno John-Jason Peterka Jack Studnicka Jordan Spence Nikolai Knyzhov
Goaltenders
Starting : Zachary Emond
Backup : Trent Miner
Extra Forwards
Normal : Austin Wagner, Brandon Coe, Jordy Bellerive - PP : Austin Wagner, Brandon Coe - PK : Jordy Bellerive
Extra Defensemen
Normal : Mason Millman, Samuel Bolduc, Jared McIsaac - PP : Mason Millman - PK : Samuel Bolduc, Jared McIsaac
Penalty Shots
Joe Veleno, John-Jason Peterka, Jack Studnicka, Cole Schwindt, Michal Teply
London Knights
5 vs 5 Forward
Center Left Wing Right Wing Time % Phy DF OF
1 Rasmus Kupari Jonathan Dahlen Tyce Thompson 40 1 2 2
2 Jan Jenik Cameron Hughes Nick Swaney 30 1 2 2
3 Curtis Douglas Connor Bunnaman Dominik Bokk 20 1 2 2
4 Marco Rossi Cole Koepke Jonathan Dahlen 10 1 2 2
5 vs 5 Defense
Defense Defense Time % Phy DF OF
1 Troy Stecher Ethan Bear 40 1 2 2
2 Jordan Oesterle Christian Wolanin 30 1 2 2
3 Sami Niku Simon Lundmark 20 1 2 2
4 Troy Stecher Ethan Bear 10 1 2 2
PowerPlay Forward
Center Left Wing Right Wing Time % Phy DF OF
1 Rasmus Kupari Jonathan Dahlen Tyce Thompson 60 1 2 2
2 Jan Jenik Cameron Hughes Nick Swaney 40 1 2 2
PowerPlay Defense
Defense Defense Time % Phy DF OF
1 Troy Stecher Ethan Bear 60 1 2 2
2 Jordan Oesterle Christian Wolanin 40 1 2 2
Penalty Kill 4 Players Forward
Center Wing Time % Phy DF OF
1 Jonathan Dahlen Rasmus Kupari 60 1 2 2
2 Jan Jenik Cameron Hughes 40 1 2 2
Penalty Kill 4 Players Defense
Defense Defense Time % Phy DF OF
1 Troy Stecher Ethan Bear 60 1 2 2
2 Jordan Oesterle Christian Wolanin 40 1 2 2
Penalty Kill - 3 Players Forward
Forward Time % Phy DF OF
1 Jonathan Dahlen 60 1 2 2
2 Rasmus Kupari 40 1 2 2
Penalty Kill - 3 Players Defense
Defense Defense Time % Phy DF OF
1 Troy Stecher Ethan Bear 60 1 2 2
2 Jordan Oesterle Christian Wolanin 40 1 2 2
4 vs 4 Forward
Center Wing Time % Phy DF OF
1 Jonathan Dahlen Rasmus Kupari 60 1 2 2
2 Jan Jenik Cameron Hughes 40 1 2 2
4 vs 4 Defense
Defense Defense Time % Phy DF OF
1 Troy Stecher Ethan Bear 60 1 2 2
2 Jordan Oesterle Christian Wolanin 40 1 2 2
Last Minutes Offensive
Center Left Wing Right Wing Defense Defense
Rasmus Kupari Jonathan Dahlen Tyce Thompson Troy Stecher Ethan Bear
Last Minutes Defensive
Center Left Wing Right Wing Defense Defense
Rasmus Kupari Jonathan Dahlen Tyce Thompson Troy Stecher Ethan Bear
Goaltenders
Starting : Michael Hutchinson
Backup : Michael McNiven
Extra Forwards
Normal : Simon Ryfors, Curtis Douglas, Marco Rossi - PP : Simon Ryfors, Curtis Douglas - PK : Marco Rossi
Extra Defensemen
Normal : Sami Niku, Simon Lundmark, Jordan Oesterle - PP : Sami Niku - PK : Simon Lundmark, Jordan Oesterle
Penalty Shots
Jonathan Dahlen, Rasmus Kupari, Jan Jenik, Cameron Hughes, Curtis Douglas
% Time on Ice - Providence Bruins
Lines # - Real PCT - Wanted PCT - Time Play
Normal Forward
1 - 34% - 40% - 15:10
2 - 34% - 30% - 15:17
3 - 30% - 20% - 13:17
4 - 3% - 10% - 1:09
Normal Defense
1 - 37% - 40% - 16:39
2 - 29% - 30% - 13:10
3 - 22% - 20% - 9:55
4 - 11% - 10% - 5:09
PP Forward
1 - 50% - 60% - 4:31
2 - 50% - 40% - 4:30
PP Defense
1 - 62% - 60% - 5:33
2 - 38% - 40% - 3:28
PK Forward
1 - 84% - 60% - 4:08
2 - 16% - 40% - 0:48
PK Defense
1 - 54% - 60% - 2:41
2 - 46% - 40% - 2:15
PK3 Forward
1 - 0% - 60%
2 - 0% - 40%
PK3 Defense
1 - 0% - 60%
2 - 0% - 40%
44 Forward
1 - 69% - 60% - 1:46
2 - 31% - 40% - 0:47
44 Defense
1 - 75% - 60% - 1:55
2 - 25% - 40% - 0:38
Last Minute Offensive - 0:00
Last Minute Defensive - 0:00
Total
Forward - 61:23
Defense - 61:23
|
% Time on Ice - London Knights
Lines # - Real PCT - Wanted PCT - Time Play
Normal Forward
1 - 35% - 40% - 15:48
2 - 31% - 30% - 13:49
3 - 21% - 20% - 9:36
4 - 13% - 10% - 5:40
Normal Defense
1 - 38% - 40% - 16:56
2 - 29% - 30% - 12:51
3 - 28% - 20% - 12:23
4 - 6% - 10% - 2:43
PP Forward
1 - 50% - 60% - 2:27
2 - 50% - 40% - 2:29
PP Defense
1 - 57% - 60% - 2:49
2 - 43% - 40% - 2:07
PK Forward
1 - 73% - 60% - 6:34
2 - 27% - 40% - 2:27
PK Defense
1 - 74% - 60% - 6:38
2 - 26% - 40% - 2:23
PK3 Forward
1 - 0% - 60%
2 - 0% - 40%
PK3 Defense
1 - 0% - 60%
2 - 0% - 40%
44 Forward
1 - 70% - 60% - 1:47
2 - 30% - 40% - 0:46
44 Defense
1 - 73% - 60% - 1:51
2 - 27% - 40% - 0:42
Last Minute Offensive - 0:00
Last Minute Defensive - 0:00
Total
Forward - 61:23
Defense - 61:23
|
Play-by-Play
1st period
0:01 of 1st period - Joe Veleno wins face-off versus Rasmus Kupari in neutral zone.
0:10 of 1st period - Jonathan Dahlen is hit by Nikolai Knyzhov and loses puck.
0:25 of 1st period - Cole Schwindt is hit by Cameron Hughes.
1:03 of 1st period - Ethan Bear is hit by Brandon Coe and loses puck.
1:22 of 1st period - Wrist shot by Joe Veleno.
1:22 of 1st period - Shot Blocked by Ethan Bear.
1:33 of 1st period - Off-side.
1:34 of 1st period - Cole Schwindt wins face-off versus Rasmus Kupari in neutral zone.
1:42 of 1st period - Slapshot by Jordan Spence.
1:42 of 1st period - Stopped by Michael Hutchinson with a rebound.
1:44 of 1st period - Slapshot by Jordan Spence.
1:44 of 1st period - Shot Blocked by Jordan Oesterle.
1:46 of 1st period - Snap shot by Logan Hutsko.
1:46 of 1st period - Shot Misses the Net.
1:58 of 1st period - Jordan Spence is hit by Jan Jenik and loses puck.
2:03 of 1st period - Wrist shot by Jan Jenik.
2:03 of 1st period - Shot Misses the Net.
2:05 of 1st period - Wrist shot by Nick Swaney.
2:05 of 1st period - Shot Misses the Net.
2:07 of 1st period - Snap shot by Cameron Hughes.
2:07 of 1st period - Shot Misses the Net.
2:43 of 1st period - Christian Wolanin is hit by Jordan Spence and loses puck.
3:22 of 1st period - Jonathan Dahlen is hit by Marc Del Gaizo and loses puck.
5:29 of 1st period - Icing by Troy Stecher.
5:30 of 1st period - Joe Veleno wins face-off versus Marco Rossi in London Knights zone.
5:40 of 1st period - Off-side.
5:41 of 1st period - Logan Hutsko wins face-off versus Jan Jenik in neutral zone.
5:44 of 1st period - Jan Jenik is hit by Nikolai Knyzhov and loses puck.
6:46 of 1st period - Michal Teply is hit by Nick Swaney and loses puck.
7:05 of 1st period - Jordan Spence is hit by Marco Rossi and loses puck.
7:10 of 1st period - Slapshot by Marco Rossi.
7:10 of 1st period - Stopped by Zachary Emond with a rebound.
7:12 of 1st period - Slapshot by Ethan Bear.
7:12 of 1st period - Shot Blocked by Jordan Spence.
7:22 of 1st period - John-Jason Peterka is hit by Dominik Bokk.
8:41 of 1st period - Off-side.
8:42 of 1st period - Jordy Bellerive wins face-off versus Rasmus Kupari in neutral zone.
8:48 of 1st period - Icing by Tyce Thompson.
8:49 of 1st period - Rasmus Kupari wins face-off versus Jordy Bellerive in London Knights zone.
8:54 of 1st period - Wrist shot by Tyce Thompson.
8:54 of 1st period - Deflect By Brandon Coe.
8:54 of 1st period - Stopped by Zachary Emond with a rebound.
9:35 of 1st period - Snap shot by Austin Wagner.
9:35 of 1st period - Shot Blocked by Ethan Bear.
9:41 of 1st period - Wrist shot by Austin Wagner.
9:41 of 1st period - Shot Hit the Post.
9:43 of 1st period - Wrist shot by Austin Wagner.
9:43 of 1st period - Goal by Austin Wagner - Providence Bruins : 1 - London Knights : 0.
9:44 of 1st period - Jack Studnicka wins face-off versus Jan Jenik in neutral zone.
9:47 of 1st period - Christian Wolanin is hit by Joe Veleno.
9:52 of 1st period - Minor Penalty to Jan Jenik for Hooking.
9:53 of 1st period - Joe Veleno wins face-off versus Jonathan Dahlen in London Knights zone.
10:00 of 1st period - Wrist shot by Jack Studnicka.
10:00 of 1st period - Deflect By Joe Veleno.
10:00 of 1st period - Shot Misses the Net.
10:00 of 1st period - Puck is out of play.
10:01 of 1st period - Jonathan Dahlen wins face-off versus Joe Veleno in London Knights zone.
10:12 of 1st period - Slapshot by Jack Studnicka.
10:12 of 1st period - Goal by Jack Studnicka - Providence Bruins : 2 - London Knights : 0.
10:13 of 1st period - Rasmus Kupari wins face-off versus Joe Veleno in neutral zone.
10:38 of 1st period - Nikolai Knyzhov is hit by Ethan Bear.
10:39 of 1st period - Icing by Nikolai Knyzhov.
10:40 of 1st period - Logan Hutsko wins face-off versus Cameron Hughes in Providence Bruins zone.
10:42 of 1st period - Samuel Bolduc beats up Jan Jenik.
10:42 of 1st period - Penalty to Jan Jenik for Fighting.
10:42 of 1st period - Penalty to Samuel Bolduc for Fighting.
10:43 of 1st period - Rasmus Kupari wins face-off versus Joe Veleno in neutral zone.
10:49 of 1st period - Icing by Jack Studnicka.
10:50 of 1st period - Rasmus Kupari wins face-off versus Joe Veleno in Providence Bruins zone.
11:20 of 1st period - Slapshot by John-Jason Peterka.
11:20 of 1st period - Shot Misses the Net.
11:28 of 1st period - Snap shot by Rasmus Kupari.
11:28 of 1st period - Stopped by Zachary Emond with a rebound.
11:30 of 1st period - Slapshot by Troy Stecher.
11:30 of 1st period - Shot Blocked by Nikolai Knyzhov.
11:38 of 1st period - Slapshot by Jonathan Dahlen.
11:38 of 1st period - Stopped by Zachary Emond without a rebound.
11:39 of 1st period - Logan Hutsko wins face-off versus Simon Ryfors in Providence Bruins zone.
11:46 of 1st period - Backhand shot by Cole Schwindt.
11:46 of 1st period - Shot Blocked by Nick Swaney.
11:48 of 1st period - Slapshot by Cole Schwindt.
11:48 of 1st period - Shot Blocked by Nick Swaney.
11:50 of 1st period - Wrist shot by Logan Hutsko.
11:50 of 1st period - Stopped by Michael Hutchinson with a rebound.
11:52 of 1st period - Snap shot by Cole Schwindt.
11:52 of 1st period - Stopped by Michael Hutchinson with a rebound.
11:54 of 1st period - Snap shot by Michal Teply.
11:54 of 1st period - Stopped by Michael Hutchinson with a rebound.
12:23 of 1st period - Christian Wolanin is hit by Nick Perbix and loses puck.
12:32 of 1st period - Michal Teply is hit by Cole Koepke and loses puck.
13:15 of 1st period - Minor Penalty to Nikolai Knyzhov for Hooking.
13:16 of 1st period - Rasmus Kupari wins face-off versus Joe Veleno in Providence Bruins zone.
13:17 of 1st period - Snap shot by Jonathan Dahlen.
13:17 of 1st period - Deflect By Tyce Thompson.
13:17 of 1st period - Stopped by Zachary Emond without a rebound.
13:18 of 1st period - Joe Veleno wins face-off versus Rasmus Kupari in Providence Bruins zone.
14:04 of 1st period - Jacob Moverare is hit by Cameron Hughes and loses puck.
14:19 of 1st period - Slapshot by Jack Studnicka.
14:19 of 1st period - Shot Misses the Net.
15:15 of 1st period - Penalty to Nikolai Knyzhov is over, Nikolai Knyzhov is back on ice.
16:50 of 1st period - Michal Teply is hit by Jan Jenik and loses puck.
16:57 of 1st period - Nick Swaney is hit by Michal Teply and loses puck.
18:00 of 1st period - Nikolai Knyzhov is hit by Marco Rossi and loses puck.
18:38 of 1st period - Icing by Simon Ryfors.
18:39 of 1st period - Cameron Hughes wins face-off versus Jordy Bellerive in London Knights zone.
19:58 of 1st period - Jan Jenik is hit by Brandon Coe.
Goals for this period are 2 for Providence Bruins vs 0 for London Knights.
Shots for this period are 6 for Providence Bruins vs 5 for London Knights.
2nd period
0:01 of 2nd period - Rasmus Kupari wins face-off versus Joe Veleno in neutral zone.
0:08 of 2nd period - Snap shot by Rasmus Kupari.
0:08 of 2nd period - Shot Blocked by Jacob Moverare.
0:10 of 2nd period - Snap shot by Tyce Thompson.
0:10 of 2nd period - Deflect By Joe Veleno.
0:10 of 2nd period - Shot Blocked by John-Jason Peterka.
0:10 of 2nd period - Puck is out of play.
0:11 of 2nd period - Tyce Thompson wins face-off versus Joe Veleno in Providence Bruins zone.
0:12 of 2nd period - Snap shot by Jonathan Dahlen.
0:12 of 2nd period - Stopped by Zachary Emond with a rebound.
0:18 of 2nd period - Snap shot by Jack Studnicka.
0:18 of 2nd period - Deflect By Troy Stecher.
0:18 of 2nd period - Stopped by Michael Hutchinson without a rebound.
0:19 of 2nd period - Rasmus Kupari wins face-off versus Joe Veleno in London Knights zone.
0:24 of 2nd period - Snap shot by Jonathan Dahlen.
0:24 of 2nd period - Shot Blocked by Jacob Moverare.
0:50 of 2nd period - Snap shot by Jordy Bellerive.
0:50 of 2nd period - Stopped by Michael Hutchinson with a rebound.
1:11 of 2nd period - Wrist shot by Cameron Hughes.
1:11 of 2nd period - Stopped by Zachary Emond with a rebound.
1:13 of 2nd period - Wrist shot by Jan Jenik.
1:13 of 2nd period - Deflect By Jordan Spence.
1:13 of 2nd period - Stopped by Zachary Emond with a rebound.
1:28 of 2nd period - Icing by Dominik Bokk.
1:29 of 2nd period - Curtis Douglas wins face-off versus Joe Veleno in London Knights zone.
1:36 of 2nd period - Snap shot by Connor Bunnaman.
1:36 of 2nd period - Stopped by Zachary Emond with a rebound.
2:03 of 2nd period - Snap shot by Michal Teply.
2:03 of 2nd period - Shot Blocked by Jan Jenik.
2:05 of 2nd period - Snap shot by Cole Schwindt.
2:05 of 2nd period - Stopped by Michael Hutchinson with a rebound.
2:15 of 2nd period - Slapshot by Jordan Spence.
2:15 of 2nd period - Shot Misses the Net.
2:17 of 2nd period - Wrist shot by Jordy Bellerive.
2:17 of 2nd period - Shot Misses the Net.
2:19 of 2nd period - Snap shot by Brandon Coe.
2:19 of 2nd period - Goal by Brandon Coe - Providence Bruins : 3 - London Knights : 0.
2:20 of 2nd period - Rasmus Kupari wins face-off versus Joe Veleno in neutral zone.
2:22 of 2nd period - Off-side.
2:23 of 2nd period - Rasmus Kupari wins face-off versus Joe Veleno in neutral zone.
2:38 of 2nd period - Wrist shot by Tyce Thompson.
2:38 of 2nd period - Shot Blocked by Nikolai Knyzhov.
2:52 of 2nd period - Wrist shot by Michal Teply.
2:52 of 2nd period - Stopped by Michael Hutchinson without a rebound.
2:53 of 2nd period - Jan Jenik wins face-off versus Logan Hutsko in London Knights zone.
2:53 of 2nd period - Ethan Bear and Cole Schwindt fight to a draw.
2:53 of 2nd period - Penalty to Ethan Bear for Fighting.
2:53 of 2nd period - Penalty to Cole Schwindt for Fighting.
2:54 of 2nd period - Rasmus Kupari wins face-off versus Joe Veleno in London Knights zone.
2:59 of 2nd period - Snap shot by John-Jason Peterka.
2:59 of 2nd period - Deflect By Jonathan Dahlen.
2:59 of 2nd period - Stopped by Michael Hutchinson with a rebound.
3:01 of 2nd period - Slapshot by Jacob Moverare.
3:01 of 2nd period - Stopped by Michael Hutchinson without a rebound.
3:02 of 2nd period - Joe Veleno wins face-off versus Rasmus Kupari in London Knights zone.
3:06 of 2nd period - Minor Penalty to Troy Stecher for Hooking.
3:07 of 2nd period - Jonathan Dahlen wins face-off versus Joe Veleno in London Knights zone.
3:41 of 2nd period - Wrist shot by Michal Teply.
3:41 of 2nd period - Stopped by Michael Hutchinson with a rebound.
3:43 of 2nd period - Snap shot by Austin Wagner.
3:43 of 2nd period - Deflect By Jordan Oesterle.
3:43 of 2nd period - Shot Misses the Net.
3:43 of 2nd period - Puck is out of play.
3:44 of 2nd period - Austin Wagner wins face-off versus Jonathan Dahlen in London Knights zone.
3:47 of 2nd period - Snap shot by Michal Teply.
3:47 of 2nd period - Shot Misses the Net.
3:49 of 2nd period - Slapshot by Jacob Moverare.
3:49 of 2nd period - Stopped by Michael Hutchinson with a rebound.
3:51 of 2nd period - Backhand shot by Logan Hutsko.
3:51 of 2nd period - Goal by Logan Hutsko - Providence Bruins : 4 - London Knights : 0.
3:52 of 2nd period - Joe Veleno wins face-off versus Rasmus Kupari in neutral zone.
4:14 of 2nd period - Double Minor Penalty to Troy Stecher for Roughing.
4:15 of 2nd period - Joe Veleno wins face-off versus Jonathan Dahlen in London Knights zone.
5:24 of 2nd period - Slapshot by Michal Teply.
5:24 of 2nd period - Goal by Michal Teply - Providence Bruins : 5 - London Knights : 0.
5:25 of 2nd period - Jonathan Dahlen wins face-off versus Joe Veleno in neutral zone.
6:52 of 2nd period - Nikolai Knyzhov is hit by Sami Niku.
6:58 of 2nd period - Simon Lundmark is hit by Austin Wagner and loses puck.
7:24 of 2nd period - Penalty to Troy Stecher is over, Troy Stecher is back on ice.
7:32 of 2nd period - Slapshot by Troy Stecher.
7:32 of 2nd period - Stopped by Zachary Emond with a rebound.
7:58 of 2nd period - Slapshot by Christian Wolanin.
7:58 of 2nd period - Stopped by Zachary Emond with a rebound.
9:09 of 2nd period - Wrist shot by Curtis Douglas.
9:09 of 2nd period - Goal by Curtis Douglas - Providence Bruins : 5 - London Knights : 1.
9:10 of 2nd period - Rasmus Kupari wins face-off versus Joe Veleno in neutral zone.
9:46 of 2nd period - Wrist shot by Jordan Spence.
9:46 of 2nd period - Shot Blocked by Dominik Bokk.
10:03 of 2nd period - Jacob Moverare is hit by Nick Swaney and loses puck.
10:08 of 2nd period - Slapshot by Cameron Hughes.
10:08 of 2nd period - Stopped by Zachary Emond with a rebound.
10:10 of 2nd period - Slapshot by Troy Stecher.
10:10 of 2nd period - Shot Misses the Net.
10:28 of 2nd period - Wrist shot by Joe Veleno.
10:28 of 2nd period - Stopped by Michael Hutchinson without a rebound.
10:29 of 2nd period - Joe Veleno wins face-off versus Rasmus Kupari in London Knights zone.
10:32 of 2nd period - Snap shot by Joe Veleno.
10:32 of 2nd period - Stopped by Michael Hutchinson without a rebound.
10:33 of 2nd period - Joe Veleno wins face-off versus Rasmus Kupari in London Knights zone.
10:45 of 2nd period - Minor Penalty to Jack Studnicka for Holding.
10:46 of 2nd period - Jonathan Dahlen wins face-off versus Joe Veleno in Providence Bruins zone.
10:46 of 2nd period - Snap shot by Rasmus Kupari.
10:46 of 2nd period - Shot Blocked by Jordan Spence.
10:48 of 2nd period - Slapshot by Tyce Thompson.
10:48 of 2nd period - Goal by Tyce Thompson - Providence Bruins : 5 - London Knights : 2.
10:49 of 2nd period - Rasmus Kupari wins face-off versus Joe Veleno in neutral zone.
10:52 of 2nd period - Wrist shot by Jonathan Dahlen.
10:52 of 2nd period - Shot Blocked by Nikolai Knyzhov.
10:54 of 2nd period - Slapshot by Jordan Oesterle.
10:54 of 2nd period - Shot Misses the Net.
11:00 of 2nd period - Snap shot by Jonathan Dahlen.
11:00 of 2nd period - Shot Blocked by Jordan Spence.
11:19 of 2nd period - Slapshot by Christian Wolanin.
11:19 of 2nd period - Shot Blocked by Nick Perbix.
11:21 of 2nd period - Wrist shot by Connor Bunnaman.
11:21 of 2nd period - Shot Misses the Net.
11:23 of 2nd period - Snap shot by Curtis Douglas.
11:23 of 2nd period - Stopped by Zachary Emond with a rebound.
11:25 of 2nd period - Wrist shot by Jordan Oesterle.
11:25 of 2nd period - Stopped by Zachary Emond with a rebound.
11:27 of 2nd period - Snap shot by Christian Wolanin.
11:27 of 2nd period - Deflect By Curtis Douglas.
11:27 of 2nd period - Shot Hit the Post.
11:27 of 2nd period - Puck is out of play.
11:28 of 2nd period - Logan Hutsko wins face-off versus Tyce Thompson in Providence Bruins zone.
11:28 of 2nd period - Logan Hutsko is hit by Rasmus Kupari.
11:37 of 2nd period - Off-side.
11:38 of 2nd period - Logan Hutsko wins face-off versus Rasmus Kupari in neutral zone.
11:58 of 2nd period - Wrist shot by Cole Schwindt.
11:58 of 2nd period - Deflect By Michal Teply.
11:58 of 2nd period - Stopped by Michael Hutchinson without a rebound.
11:59 of 2nd period - Cameron Hughes wins face-off versus Joe Veleno in London Knights zone.
12:15 of 2nd period - Off-side.
12:16 of 2nd period - Rasmus Kupari wins face-off versus Logan Hutsko in neutral zone.
12:42 of 2nd period - Minor Penalty to John-Jason Peterka for Cross-checking.
12:43 of 2nd period - Rasmus Kupari wins face-off versus Joe Veleno in Providence Bruins zone.
12:48 of 2nd period - Wrist shot by Tyce Thompson.
12:48 of 2nd period - Goal by Tyce Thompson - Providence Bruins : 5 - London Knights : 3.
12:49 of 2nd period - Joe Veleno wins face-off versus Rasmus Kupari in neutral zone.
12:58 of 2nd period - Wrist shot by Jack Studnicka.
12:58 of 2nd period - Stopped by Michael Hutchinson with a rebound.
13:00 of 2nd period - Wrist shot by John-Jason Peterka.
13:00 of 2nd period - Stopped by Michael Hutchinson with a rebound.
13:02 of 2nd period - Slapshot by John-Jason Peterka.
13:02 of 2nd period - Stopped by Michael Hutchinson with a rebound.
14:53 of 2nd period - Michal Teply is hit by Tyce Thompson.
15:07 of 2nd period - Snap shot by Jonathan Dahlen.
15:07 of 2nd period - Shot Blocked by John-Jason Peterka.
15:41 of 2nd period - Slapshot by Ethan Bear.
15:41 of 2nd period - Deflect By Nick Swaney.
15:41 of 2nd period - Shot Misses the Net.
15:41 of 2nd period - Puck is out of play.
15:42 of 2nd period - Logan Hutsko wins face-off versus Jan Jenik in Providence Bruins zone.
16:03 of 2nd period - Slapshot by Christian Wolanin.
16:03 of 2nd period - Stopped by Zachary Emond with a rebound.
16:24 of 2nd period - Wrist shot by Jack Studnicka.
16:24 of 2nd period - Shot Blocked by Tyce Thompson.
16:44 of 2nd period - Snap shot by Jordy Bellerive.
16:44 of 2nd period - Shot Blocked by Troy Stecher.
16:46 of 2nd period - Slapshot by Brandon Coe.
16:46 of 2nd period - Shot Blocked by Jan Jenik.
17:25 of 2nd period - Slapshot by Ethan Bear.
17:25 of 2nd period - Stopped by Zachary Emond without a rebound.
17:26 of 2nd period - Logan Hutsko wins face-off versus Rasmus Kupari in Providence Bruins zone.
17:26 of 2nd period - Logan Hutsko is hit by Jordan Oesterle.
17:44 of 2nd period - Wrist shot by Rasmus Kupari.
17:44 of 2nd period - Stopped by Zachary Emond with a rebound.
17:46 of 2nd period - Snap shot by Tyce Thompson.
17:46 of 2nd period - Goal by Tyce Thompson - Providence Bruins : 5 - London Knights : 4.
17:47 of 2nd period - Joe Veleno wins face-off versus Rasmus Kupari in neutral zone.
18:12 of 2nd period - Cole Schwindt is hit by Jordan Oesterle and loses puck.
18:23 of 2nd period - Slapshot by Ethan Bear.
18:23 of 2nd period - Deflect By Michal Teply.
18:23 of 2nd period - Stopped by Zachary Emond with a rebound.
18:44 of 2nd period - Snap shot by Jordy Bellerive.
18:44 of 2nd period - Shot Blocked by Troy Stecher.
19:14 of 2nd period - Jonathan Dahlen is hit by Logan Hutsko.
19:35 of 2nd period - Slapshot by Cameron Hughes.
19:35 of 2nd period - Stopped by Zachary Emond without a rebound.
19:36 of 2nd period - Jordy Bellerive wins face-off versus Nick Swaney in Providence Bruins zone.
Goals for this period are 3 for Providence Bruins vs 4 for London Knights.
Shots for this period are 17 for Providence Bruins vs 18 for London Knights.
3rd period
0:01 of 3rd period - Joe Veleno wins face-off versus Rasmus Kupari in neutral zone.
0:04 of 3rd period - Snap shot by Jack Studnicka.
0:04 of 3rd period - Stopped by Michael Hutchinson with a rebound.
0:10 of 3rd period - Jacob Moverare is hit by Tyce Thompson and loses puck.
0:15 of 3rd period - Backhand shot by Jonathan Dahlen.
0:15 of 3rd period - Shot Misses the Net.
0:27 of 3rd period - Snap shot by Curtis Douglas.
0:27 of 3rd period - Goal by Curtis Douglas - Providence Bruins : 5 - London Knights : 5.
0:28 of 3rd period - Joe Veleno wins face-off versus Rasmus Kupari in neutral zone.
0:30 of 3rd period - Off-side.
0:31 of 3rd period - Joe Veleno wins face-off versus Rasmus Kupari in neutral zone.
0:40 of 3rd period - Wrist shot by Joe Veleno.
0:40 of 3rd period - Shot Misses the Net.
0:42 of 3rd period - Slapshot by Jordan Spence.
0:42 of 3rd period - Deflect By Joe Veleno.
0:42 of 3rd period - Stopped by Michael Hutchinson with a rebound.
1:17 of 3rd period - Wrist shot by Curtis Douglas.
1:17 of 3rd period - Shot Blocked by Nick Perbix.
1:35 of 3rd period - Christian Wolanin is hit by Nick Perbix and loses puck.
1:54 of 3rd period - Snap shot by Cole Schwindt.
1:54 of 3rd period - Stopped by Michael Hutchinson with a rebound.
1:56 of 3rd period - Slapshot by Nick Perbix.
1:56 of 3rd period - Shot Blocked by Nick Swaney.
2:42 of 3rd period - Snap shot by Jordy Bellerive.
2:42 of 3rd period - Shot Blocked by Christian Wolanin.
2:50 of 3rd period - Snap shot by Jordy Bellerive.
2:50 of 3rd period - Shot Blocked by Jan Jenik.
2:52 of 3rd period - Wrist shot by Jordy Bellerive.
2:52 of 3rd period - Shot Blocked by Jan Jenik.
3:01 of 3rd period - Off-side.
3:02 of 3rd period - Logan Hutsko wins face-off versus Rasmus Kupari in neutral zone.
3:05 of 3rd period - Slapshot by Jordan Spence.
3:05 of 3rd period - Stopped by Michael Hutchinson with a rebound.
4:01 of 3rd period - Jordan Spence is hit by Rasmus Kupari and loses puck.
4:15 of 3rd period - Icing by Sami Niku.
4:16 of 3rd period - Jordy Bellerive wins face-off versus Jan Jenik in London Knights zone.
4:17 of 3rd period - Snap shot by Brandon Coe.
4:17 of 3rd period - Shot Misses the Net.
4:27 of 3rd period - Jan Jenik is hit by Austin Wagner and loses puck.
4:49 of 3rd period - Dominik Bokk is hit by Jacob Moverare and loses puck.
5:43 of 3rd period - Minor Penalty to Cole Koepke for Slashing.
5:44 of 3rd period - Jonathan Dahlen wins face-off versus Joe Veleno in London Knights zone.
6:32 of 3rd period - Minor Penalty to Jacob Moverare for High sticking.
6:33 of 3rd period - Jonathan Dahlen wins face-off versus Joe Veleno in Providence Bruins zone.
6:34 of 3rd period - Wrist shot by Rasmus Kupari.
6:34 of 3rd period - Stopped by Zachary Emond with a rebound.
6:42 of 3rd period - Snap shot by Joe Veleno.
6:42 of 3rd period - Stopped by Michael Hutchinson with a rebound.
6:44 of 3rd period - Wrist shot by John-Jason Peterka.
6:44 of 3rd period - Shot Blocked by Jordan Oesterle.
6:46 of 3rd period - Snap shot by Nikolai Knyzhov.
6:46 of 3rd period - Stopped by Michael Hutchinson without a rebound.
6:47 of 3rd period - Jonathan Dahlen wins face-off versus Joe Veleno in London Knights zone.
7:40 of 3rd period - Snap shot by Jack Studnicka.
7:40 of 3rd period - Stopped by Michael Hutchinson with a rebound.
7:43 of 3rd period - Penalty to Cole Koepke is over, Cole Koepke is back on ice.
8:29 of 3rd period - Snap shot by Jack Studnicka.
8:29 of 3rd period - Shot Blocked by Christian Wolanin.
8:32 of 3rd period - Penalty to Jacob Moverare is over, Jacob Moverare is back on ice.
8:41 of 3rd period - Backhand shot by Brandon Coe.
8:41 of 3rd period - Deflect By Austin Wagner.
8:41 of 3rd period - Shot Blocked by Connor Bunnaman.
8:41 of 3rd period - Puck is out of play.
8:42 of 3rd period - Dominik Bokk wins face-off versus Jordy Bellerive in London Knights zone.
8:44 of 3rd period - Austin Wagner beats up Sami Niku.
8:44 of 3rd period - Penalty to Sami Niku for Fighting.
8:44 of 3rd period - Penalty to Austin Wagner for Fighting.
8:45 of 3rd period - Rasmus Kupari wins face-off versus Joe Veleno in London Knights zone.
9:10 of 3rd period - Jordan Oesterle is hit by Jordy Bellerive and loses puck.
9:51 of 3rd period - Nick Perbix is hit by Christian Wolanin and loses puck.
9:54 of 3rd period - Minor Penalty to Tyce Thompson for Cross-checking.
9:55 of 3rd period - Jan Jenik wins face-off versus Joe Veleno in London Knights zone.
10:06 of 3rd period - Wrist shot by Joe Veleno.
10:06 of 3rd period - Shot Misses the Net.
10:20 of 3rd period - Cameron Hughes is hit by Cole Schwindt and loses puck.
10:33 of 3rd period - Marco Rossi is hit by Michal Teply and loses puck.
11:06 of 3rd period - Marco Rossi is hit by Nick Perbix and loses puck.
11:34 of 3rd period - Christian Wolanin is hit by Nick Perbix and loses puck.
11:54 of 3rd period - Penalty to Tyce Thompson is over, Tyce Thompson is back on ice.
12:31 of 3rd period - Wrist shot by Cole Koepke.
12:31 of 3rd period - Deflect By Logan Hutsko.
12:31 of 3rd period - Stopped by Zachary Emond with a rebound.
12:55 of 3rd period - Jordy Bellerive is hit by Curtis Douglas and loses puck.
13:18 of 3rd period - Jordan Spence is hit by Troy Stecher and loses puck.
13:31 of 3rd period - Jack Studnicka is hit by Cole Koepke and loses puck.
13:59 of 3rd period - Minor Penalty to Tyce Thompson for Roughing.
14:00 of 3rd period - Joe Veleno wins face-off versus Jonathan Dahlen in London Knights zone.
14:03 of 3rd period - Slapshot by John-Jason Peterka.
14:03 of 3rd period - Shot Misses the Net.
14:47 of 3rd period - Jonathan Dahlen is hit by Logan Hutsko and loses puck.
15:04 of 3rd period - Rasmus Kupari is hit by Nick Perbix and loses puck.
15:21 of 3rd period - Jack Studnicka is hit by Jan Jenik and loses puck.
15:59 of 3rd period - Penalty to Tyce Thompson is over, Tyce Thompson is back on ice.
16:03 of 3rd period - Jan Jenik is hit by Jordan Spence and loses puck.
17:57 of 3rd period - Minor Penalty to Austin Wagner for Roughing.
17:58 of 3rd period - Joe Veleno wins face-off versus Rasmus Kupari in Providence Bruins zone.
19:57 of 3rd period - Penalty to Austin Wagner is over, Austin Wagner is back on ice.
Goals for this period are 0 for Providence Bruins vs 1 for London Knights.
Shots for this period are 7 for Providence Bruins vs 3 for London Knights.
Overtime #1
0:01 of 1st overtime period - Joe Veleno wins face-off versus Jonathan Dahlen in neutral zone.
0:44 of 1st overtime period - Snap shot by Jan Jenik.
0:44 of 1st overtime period - Shot Blocked by Nick Perbix.
0:46 of 1st overtime period - Slapshot by Troy Stecher.
0:46 of 1st overtime period - Shot Misses the Net.
0:48 of 1st overtime period - Slapshot by Ethan Bear.
0:48 of 1st overtime period - Shot Blocked by Nick Perbix.
0:52 of 1st overtime period - Snap shot by Jan Jenik.
0:52 of 1st overtime period - Stopped by Zachary Emond without a rebound.
0:53 of 1st overtime period - Jonathan Dahlen wins face-off versus Joe Veleno in Providence Bruins zone.
1:23 of 1st overtime period - Slapshot by Jan Jenik.
1:23 of 1st overtime period - Goal by Jan Jenik - Providence Bruins : 5 - London Knights : 6.
Goals for this period are 0 for Providence Bruins vs 1 for London Knights.
Shots for this period are 0 for Providence Bruins vs 2 for London Knights.
Back to the Top